[Event "fics rated crazyhouse match"]
[Site "fics, Oklahoma City, OK USA"]
[Date "2000.11.17"]
[White "LINDEGREN"]
[WhiteElo "2368"]
[Black "RFrancisco"]
[BlackElo "2356"]
[TimeControl "120+0"]
[Result "0-1"]

1. e4 e6 2. d4 Nc6 3. Nf3 Nf6 4. Bd3 Be7 5. O-O d6 6. Nc3 
O-O 7. Qe2 h6 8. Be3 e5 9. d5 Nb4 10. h3 Nxd3 11. cxd3 B@h5 
12. N@g3 Bxf3 13. Qxf3 N@h4 14. Qe2 c6 15. dxc6 bxc6 16. B@f5 Bxf5 17. Nxf5 
Nxf5 18. exf5 P@f4 19. P@g6 fxg6 20. fxg6 B@h5 21. B@e6+ P@f7 22. gxf7+ Rxf7 
23. Bxf7+ Bxf7 24. N@f5 P@g6 25. Nxe7+ Qxe7 26. Bxf4 N@d4 27. Qe3 N@c2 28. B@h2 
Nxe3 29. Bxe3 B@e6 30. Rae1 Nf5 31. N@g4 Nh4 32. Bxh6 Nxg4 33. hxg4 Bxg4 
34. R@g3 P@f3 35. Bxg7 Kxg7 36. Rxg4 N@h3+ 37. Kh1 fxg2+ 38. Rxg2 B@f3 
{LINDEGREN forfeits on time} 0-1

[Event "fics rated crazyhouse match"]
[Site "fics, Oklahoma City, OK USA"]
[Date "2000.11.17"]
[White "RFrancisco"]
[WhiteElo "2364"]
[Black "LINDEGREN"]
[BlackElo "2360"]
[TimeControl "120+0"]
[Result "1-0"]

1. e4 e6 2. Nc3 b6 3. d4 Bb7 4. Nge2 Nf6 5. Ng3 Bb4 6. Bd3 
d5 7. e5 Ne4 8. Bd2 Bxc3 9. bxc3 Nxd2 10. Qxd2 N@e4 11. Bxe4 dxe4 
12. Nh5 Rg8 13. N@f6+ gxf6 14. Nxf6+ Qxf6 15. exf6 N@f5 16. N@g7+ Rxg7 17. fxg7 
Nxg7 18. P@f6 Nf5 19. R@f8+ Kxf8 20. Qh6+ Ke8 21. Q@f8+ Kd7 22. B@e8+ Kc8 
23. Bc6+ B@d8 24. Qxd8+ Kxd8 25. Qf8# 
{LINDEGREN resigns} 1-0

[Event "fics rated crazyhouse match"]
[Site "fics, Oklahoma City, OK USA"]
[Date "2000.11.17"]
[White "LINDEGREN"]
[WhiteElo "2352"]
[Black "RFrancisco"]
[BlackElo "2372"]
[TimeControl "120+0"]
[Result "1-0"]

1. e4 e6 2. d4 Nc6 3. Nc3 Bb4 4. Nf3 Nf6 5. Bd3 d5 6. exd5 
exd5 7. Qe2+ Qe7 8. P@e5 Ne4 9. Bxe4 dxe4 10. Qxe4 B@f5 11. Qe2 P@g4 
12. Be3 gxf3 13. gxf3 Bxc3+ 14. bxc3 N@g2+ 15. Kd2 Bce6 16. N@h5 N@c4+ 17. Kd1 
Bxc2+ 18. Kxc2 Ngxe3+ 19. fxe3 B@g6+ 20. B@d3 Na3+ 21. Kd2 Bxh5 22. P@f6 N@c4+ 
23. Ke1 gxf6 24. exf6 Qxf6 25. P@e5 Qg6 26. N@f6+ Kf8 27. Nxh5 Qxh5 28. B@c5+ 
P@d6 29. Bxa3 Nxa3 30. N@f4 Qh6 31. B@f6 P@g7 32. Rg1 Rg8 33. Nxe6+ fxe6 
34. P@e7+ Nxe7 35. Bxe7+ Kxe7 36. B@g5+ Qxg5 37. Rxg5 B@h4+ 38. Kd2 Bxg5 39. exd6# 
{RFrancisco forfeits on time} 1-0

[Event "fics rated crazyhouse match"]
[Site "fics, Oklahoma City, OK USA"]
[Date "2000.11.17"]
[White "RFrancisco"]
[WhiteElo "2364"]
[Black "LINDEGREN"]
[BlackElo "2360"]
[TimeControl "120+0"]
[Result "0-1"]

1. e4 e6 2. d4 Nc6 3. Nc3 Nf6 4. Nf3 Bb4 5. e5 Ne4 6. Bd3 
d5 7. exd6 Nxd6 8. O-O P@g4 9. Ng5 Nxd4 10. Qxg4 Bxc3 11. bxc3 N4f5 
12. Ba3 h5 13. Qf3 P@g4 14. Qf4 N@d5 15. Qd2 Nxc3 16. P@g6 O-O 17. Bxf5 
fxg6 18. Bxg6 P@h3 19. Bxd6 Qxg5 20. P@h7+ Kh8 21. Qxg5 Ne2+ 22. Kh1 hxg2+ 
23. Kxg2 P@f3# 
{RFrancisco resigns} 0-1

[Event "fics rated crazyhouse match"]
[Site "fics, Oklahoma City, OK USA"]
[Date "2000.11.18"]
[White "pminear"]
[WhiteElo "2405"]
[Black "marcusm"]
[BlackElo "2334"]
[TimeControl "180+0"]
[Result "1-0"]

1. e4 Nf6 2. Nc3 d5 3. exd5 Nxd5 4. d4 Bf5 5. Nxd5 Qxd5 6. N@e3 
Qa5+ 7. Bd2 P@b4 8. a3 e6 9. axb4 Qb6 10. P@c5 Qc6 11. Nxf5 exf5 
12. B@b5 Be7 13. d5 Qxb5 14. Bxb5+ B@d7 15. Bxd7+ Nxd7 16. P@e6 fxe6 17. dxe6 
Nf6 18. Q@f7+ Kd8 19. Bf4+ N@d5 20. P@d6 cxd6 21. cxd6 Kc8 22. P@d7+ Kb8 
23. dxe7+ Nxf4 24. d8=Q+ B@c8 25. B@c7# 
{marcusm checkmated} 1-0

[Event "fics rated crazyhouse match"]
[Site "fics, Oklahoma City, OK USA"]
[Date "2000.11.18"]
[White "marcusm"]
[WhiteElo "2328"]
[Black "pminear"]
[BlackElo "2412"]
[TimeControl "180+0"]
[Result "0-1"]

1. e4 e5 2. Nf3 Nc6 3. Bc4 Bc5 4. Nc3 Nf6 5. d3 O-O 6. O-O 
d6 7. Ng5 Qe7 8. Be3 Bxe3 9. fxe3 B@h6 10. B@h4 Be6 11. Bxe6 fxe6 
12. B@b3 Bxg5 13. Bxg5 B@b6 14. Kh1 N@g4 15. Qe2 Nxe3 16. Bxe3 Bxe3 17. Qxe3 
P@d4 18. Qg3 B@f4 19. Rxf4 exf4 20. Qxf4 dxc3 21. N@f5 Qf7 22. Bxe6 Qxe6 
23. B@b3 Qxb3 24. axb3 cxb2 25. Rf1 P@e2 26. B@d5+ B@f7 27. Bxc6 exf1=Q+ 28. Qxf1 
R@c1 29. B@e1 Rxe1 30. Qxe1 R@c1 31. R@f1 Rxe1 32. Rxe1 N@f2+ 33. Kg1 b1=Q 
34. R@e2 Q@h1+ 35. Kxf2 Ng4+ 36. Kg3 Qbxe1+ 37. P@f2 Qxh2+ 38. Kxg4 R@f4+ 39. Kg5 
B@f6# 
{marcusm checkmated} 0-1

[Event "fics rated crazyhouse match"]
[Site "fics, Oklahoma City, OK USA"]
[Date "2000.11.18"]
[White "pminear"]
[WhiteElo "2419"]
[Black "marcusm"]
[BlackElo "2322"]
[TimeControl "180+0"]
[Result "1-0"]

1. e4 Nf6 2. Nc3 d5 3. exd5 Nxd5 4. d4 e6 5. Bd3 Bb4 6. Bd2 
Nc6 7. Nf3 P@g4 8. Ne5 f5 9. Nxd5 Bxd2+ 10. Qxd2 Qxd5 11. B@h5+ Ke7 
12. N@f4 Qxd4 13. Nxc6+ bxc6 14. N@g6+ hxg6 15. Nxg6+ Kd7 16. Nxh8 N@h4 17. P@c3 
Nxg2+ 18. Kd1 B@f3+ 19. Kc1 Qd6 20. Nf7 P@a3 21. Nxd6 axb2+ 22. Kxb2 N@a4+ 
23. Ka3 cxd6 24. R@f7+ P@e7 25. Rxe7+ Kxe7 26. Q@f7+ Kd8 27. P@c7# 
{marcusm checkmated} 1-0

[Event "fics rated crazyhouse match"]
[Site "fics, Oklahoma City, OK USA"]
[Date "2000.11.18"]
[White "marcusm"]
[WhiteElo "2316"]
[Black "pminear"]
[BlackElo "2425"]
[TimeControl "180+0"]
[Result "1-0"]

1. e4 e5 2. Nf3 Nc6 3. Bc4 Bc5 4. Nc3 Nf6 5. O-O O-O 6. d3 
d6 7. Ng5 Qe7 8. a3 Bg4 9. Qe1 Nd4 10. Qd2 h6 11. Nxf7 Rxf7 
12. P@g6 N@f3+ 13. Kh1 Nxd2 14. gxf7+ Kh7 15. Bxd2 Nxc2 16. N@f5 P@f3 17. Rg1 
Qd7 18. Bxh6 gxh6 19. R@g7+ Kh8 20. Rxg4 B@e6 21. P@g7+ Kh7 22. Bxe6 Qxe6 
23. B@g6# 
{pminear checkmated} 1-0

[Event "fics rated crazyhouse match"]
[Site "fics, Oklahoma City, OK USA"]
[Date "2000.11.18"]
[White "pminear"]
[WhiteElo "2414"]
[Black "marcusm"]
[BlackElo "2326"]
[TimeControl "180+0"]
[Result "1-0"]

1. e4 Nf6 2. Nc3 d5 3. exd5 Nxd5 4. d4 e6 5. Bd3 Bb4 6. Bd2 
Qe7 7. Nf3 Bd7 8. O-O Bc6 9. Nxd5 Bxd5 10. Bxb4 Qxb4 11. B@c5 Qxb2 
12. N@h5 N@c3 13. Nxg7+ Kd8 14. Qd2 Bxf3 15. gxf3 P@d6 16. B@a3 Qxa1 17. Rxa1 
Rg8 18. P@e7+ Kxe7 19. Bxd6+ cxd6 20. Bxd6+ Kxd6 21. Qf4+ Kd7 22. Q@c7# 
{marcusm checkmated} 1-0

[Event "fics rated crazyhouse match"]
[Site "fics, Oklahoma City, OK USA"]
[Date "2000.11.18"]
[White "marcusm"]
[WhiteElo "2320"]
[Black "pminear"]
[BlackElo "2420"]
[TimeControl "180+0"]
[Result "1-0"]

1. e4 e5 2. Nf3 Nc6 3. Bc4 Bc5 4. Nc3 Nf6 5. d3 O-O 6. O-O 
d6 7. Ng5 Qe7 8. Kh1 Bg4 9. f3 Be6 10. Nd5 Bxd5 11. exd5 N@f2+ 
12. Rxf2 Bxf2 13. dxc6 R@e1+ 14. Qxe1 Bxe1 15. N@f5 Rae8 16. Be3 Qd8 17. B@b3 
d5 18. Rxe1 dxc4 19. Bxc4 B@g6 20. N@h6+ Kh8 21. Nhxf7+ Rxf7 22. Nxf7+ Bxf7 
23. Bxf7 N@g4 24. B@f2 Nxf2+ 25. Bxf2 N@g4 26. B@g1 B@b6 27. Bxb6 axb6 28. Bxe8 
Qxe8 29. P@d7 Nxd7 30. cxd7 Qxd7 31. R@f8+ B@g8 32. fxg4 Qxf5 33. gxf5 
{pminear resigns} 1-0

[Event "fics rated crazyhouse match"]
[Site "fics, Oklahoma City, OK USA"]
[Date "2000.11.18"]
[White "pminear"]
[WhiteElo "2410"]
[Black "marcusm"]
[BlackElo "2330"]
[TimeControl "180+0"]
[Result "1-0"]

1. e4 Nf6 2. Nc3 d5 3. exd5 Nxd5 4. d4 e6 5. Bd3 Bb4 6. Bd2 
Qe7 7. Nf3 Nc6 8. O-O P@g4 9. Ne5 Bxc3 10. bxc3 Nxe5 11. dxe5 f5 
12. exf6 gxf6 13. B@h5+ Kd8 14. N@f7+ Qxf7 15. Bxf7 P@f3 16. P@g7 Re8 17. g8=Q 
Rxg8 18. Bxg8 fxg2 19. R@f8+ N@e8 20. Rxe8+ Kxe8 21. Bb5+ c6 22. Bxc6+ bxc6 
23. Q@f7+ Kd8 24. P@c7+ Nxc7 25. P@e7+ Kd7 26. e8=Q+ Kd6 27. Be3+ Ke5 28. Qxc7+ 
Ke4 29. Qf4# 
{marcusm checkmated} 1-0

[Event "fics rated crazyhouse match"]
[Site "fics, Oklahoma City, OK USA"]
[Date "2000.11.18"]
[White "marcusm"]
[WhiteElo "2324"]
[Black "pminear"]
[BlackElo "2416"]
[TimeControl "180+0"]
[Result "0-1"]

1. e4 e5 2. Nf3 Nc6 3. Bc4 Bc5 4. Nc3 Nf6 5. d3 O-O 6. O-O 
d6 7. Ng5 Nd4 8. Be3 Ne6 9. Bxc5 Nxg5 10. Be3 N@f4 11. Bxf4 exf4 
12. B@h4 Ng4 13. N@f5 Bxf5 14. exf5 f3 15. Bxg5 Qxg5 16. Qxf3 N@e5 17. Qh3 
B@d4 18. P@g6 B@h4 19. gxh7+ Kh8 20. P@f4 Nxf2 21. Rxf2 Bdxf2+ 22. Kh1 Qxf4 
23. N@e2 Qh6 24. B@f4 P@g5 25. Bxe5 dxe5 26. N@e7 B@h5 27. Ng3 Bfxg3 28. Ne4 
P@g4 29. N@g6+ Bxg6 30. Qxg4 N@f6 31. Nxg6+ fxg6 
{marcusm forfeits on time} 0-1

[Event "fics rated crazyhouse match"]
[Site "fics, Oklahoma City, OK USA"]
[Date "2000.11.18"]
[White "pminear"]
[WhiteElo "2422"]
[Black "marcusm"]
[BlackElo "2318"]
[TimeControl "180+0"]
[Result "1-0"]

1. e4 Nf6 2. Nc3 d5 3. exd5 Nxd5 4. d4 e6 5. Bd3 Bb4 6. Bd2 
P@a3 7. Nxd5 Bxd2+ 8. Qxd2 axb2 9. Rd1 exd5 10. P@h6 Qe7+ 11. B@e5 gxh6 
12. N@f6+ Kd8 13. Nxd5 B@c1 14. Rxc1 bxc1=Q+ 15. Qxc1 P@c3 16. P@d2 P@b2 17. Qd1 
cxd2+ 18. Qxd2 R@c1+ 19. B@d1 b1=Q 20. Be2 N@a3 21. Nxe7 Rxc2 22. Nd5 P@e7 
23. Bxh8 Rxd2 24. R@g8+ Kd7 25. Q@e8+ Ke6 26. Nf4+ Kf5 27. Qxf7+ P@f6 28. P@g4+ 
Ke4 29. Qd5+ Kxf4 30. P@e3# 
{marcusm checkmated} 1-0

[Event "fics rated crazyhouse match"]
[Site "fics, Oklahoma City, OK USA"]
[Date "2000.11.18"]
[White "marcusm"]
[WhiteElo "2312"]
[Black "pminear"]
[BlackElo "2428"]
[TimeControl "180+0"]
[Result "0-1"]

1. e4 e5 2. Nf3 Nc6 3. Bc4 Bc5 4. Nc3 Nf6 5. O-O O-O 6. d3 
d6 7. Ng5 Nd4 8. Be3 Ne6 9. Bxe6 fxe6 10. Bxc5 dxc5 11. B@b3 B@g4 
12. f3 B@e3+ 13. Kh1 Bxg5 14. fxg4 N@e3 15. Qe2 Nxf1 16. Rxf1 R@f4 17. B@f3 
Nxg4 18. N@h3 R4f7 19. N@f5 Nxh2 20. Kxh2 exf5 21. Bxf7+ Rxf7 22. exf5 Bxf5 
23. P@g4 P@g3+ 24. Kh1 Bxg4 25. Bxg4 Rxf1+ 26. Qxf1 R@h2+ 27. Kg1 B@d4+ 28. B@f2 
gxf2+ 29. Kxh2 B@g1+ 30. Kg3 Bh4+ 31. Kf3 N@d2+ 32. Ke2 Nxf1 33. Be6+ P@f7 
34. Bxf7+ Kh8 35. N@g6+ hxg6 36. Bxg6 Q@e3+ 37. Kd1 Qd2# 
{marcusm checkmated} 0-1

[Event "fics rated crazyhouse match"]
[Site "fics, Oklahoma City, OK USA"]
[Date "2000.11.18"]
[White "pminear"]
[WhiteElo "2433"]
[Black "marcusm"]
[BlackElo "2307"]
[TimeControl "180+0"]
[Result "1-0"]

1. e4 Nf6 2. e5 Nd5 3. Nf3 Nc6 4. d4 d6 5. exd6 exd6 6. Be2 
Bf5 7. O-O Be7 8. Nc3 Nxc3 9. bxc3 N@e4 10. Bd2 Qd7 11. N@e3 Bg4 
12. Nxg4 Qxg4 13. B@h3 Qxh3 14. gxh3 P@g2 15. Kxg2 Nxd2 16. Qxd2 B@d5 17. P@g3 
B@e4 18. N@e1 N@e5 19. dxe5 Nxe5 20. N@g1 h5 21. Kh1 P@g4 22. P@g2 gxh3 
23. gxh3 P@g4 24. P@g2 gxh3 25. Nxh3 P@g4 26. Nhg1 gxf3 27. Nexf3 Bxf3 28. gxf3 
Be6 29. B@g2 h4 30. P@f4 h3 31. Nxh3 Bxh3 32. Bxh3 Rxh3 33. B@g2 Rh8 
34. fxe5 N@g5 35. exd6 cxd6 36. P@d7+ Kxd7 37. N@e5+ Ke8 38. P@d7+ Kf8 39. Q@c8+ 
Rxc8 40. dxc8=Q+ B@d8 41. P@h4 
{marcusm forfeits on time} 1-0

[Event "fics rated crazyhouse match"]
[Site "fics, Oklahoma City, OK USA"]
[Date "2000.11.18"]
[White "marcusm"]
[WhiteElo "2302"]
[Black "pminear"]
[BlackElo "2438"]
[TimeControl "180+0"]
[Result "0-1"]

1. e4 e5 2. d4 exd4 3. Qxd4 Nc6 4. Qd1 Nf6 5. Nc3 Bb4 6. P@d5 
Nxe4 7. dxc6 Nxc3 8. bxc3 Bxc3+ 9. Bd2 Qe7+ 10. Be2 Bxd2+ 11. Qxd2 N@e4 
12. N@d5 P@c3 13. Qd3 Nxf2 14. Kxf2 B@c5+ 15. Kf1 P@b2 16. Rd1 P@e4 17. Qg3 
Bxg1 18. Nxc7+ Kf8 19. Rxg1 N@d2+ 20. Ke1 e3 21. N@g4 P@f2+ 22. Nxf2 exf2+ 
23. Qxf2 Ne4 24. P@h6 Nxf2 25. hxg7+ Kxg7 26. N@f5+ Kf6 27. Nxe7 P@d2+ 28. Kf1 
N@e3+ 29. Kxf2 Q@f4+ 30. B@f3 Ng4+ 31. Kf1 Nxh2+ 32. Kf2 P@e3# 
{marcusm checkmated} 0-1

[Event "fics rated crazyhouse match"]
[Site "fics, Oklahoma City, OK USA"]
[Date "2000.11.18"]
[White "pminear"]
[WhiteElo "2443"]
[Black "marcusm"]
[BlackElo "2297"]
[TimeControl "180+0"]
[Result "1-0"]

1. e4 Nf6 2. Nc3 Nc6 3. d4 d5 4. exd5 Nxd5 5. Nf3 Bg4 6. Be2 
e6 7. Nxd5 exd5 8. N@e5 Nxe5 9. Nxe5 Bxe2 10. Qxe2 Be7 11. P@e6 O-O 
12. Nxf7 P@f3 13. Nxd8 fxe2 14. P@f7+ Kh8 15. Q@g8+ Rxg8 16. fxg8=Q+ Kxg8 17. B@f7+ 
Kf8 18. R@g8# 
{marcusm checkmated} 1-0

[Event "fics rated crazyhouse match"]
[Site "fics, Oklahoma City, OK USA"]
[Date "2000.11.18"]
[White "marcusm"]
[WhiteElo "2292"]
[Black "pminear"]
[BlackElo "2448"]
[TimeControl "180+0"]
[Result "1-0"]

1. e4 e5 2. Nf3 Nc6 3. Bc4 Bc5 4. Nc3 Nf6 5. O-O O-O 6. d3 
d6 7. Ng5 Nd4 8. Kh1 Bg4 9. f3 Be6 10. Be3 Bxc4 11. dxc4 Ne6 
12. Nxe6 fxe6 13. Bxc5 dxc5 14. Qxd8 Raxd8 15. N@e7+ Kf7 16. Nf5 B@d6 17. Nd5 
Kg8 18. Nxf6+ Rxf6 19. B@h4 N@h5 20. Bxf6 exf5 21. B@d5+ B@f7 22. Bxf7+ Kxf7 
23. B@d5+ Kxf6 24. R@e6+ Kf7 25. Rxd6+ Ke7 26. Q@f7+ Kxd6 27. Qe6# 
{pminear checkmated} 1-0

[Event "fics rated crazyhouse match"]
[Site "fics, Oklahoma City, OK USA"]
[Date "2000.11.18"]
[White "pminear"]
[WhiteElo "2437"]
[Black "marcusm"]
[BlackElo "2303"]
[TimeControl "180+0"]
[Result "0-1"]

1. e4 Nf6 2. Nc3 e6 3. e5 Nd5 4. Nxd5 exd5 5. Nf3 d6 6. d4 
Bg4 7. Be2 Nc6 8. O-O Be7 9. Be3 N@f5 10. exd6 cxd6 11. N@c3 P@e4 
12. Nxd5 exf3 13. Bxf3 Bxf3 14. Qxf3 Ncxd4 15. Bxd4 Nxd4 16. N@c7+ Kd7 17. Qg4+ 
P@e6 18. Nxa8 B@f5 19. Qxg7 exd5 20. R@c7+ Qxc7 21. Nxc7 N@h3+ 22. gxh3 R@g6+ 
23. Qxg6 hxg6 24. B@g2 B@f3 25. R@g3 N@e2+ 26. Kh1 Nxg3+ 27. fxg3 Bxg2+ 28. Kxg2 
Bxh3+ 29. Kf2 Q@e2# 
{pminear resigns} 0-1

[Event "fics rated crazyhouse match"]
[Site "fics, Oklahoma City, OK USA"]
[Date "2000.11.18"]
[White "marcusm"]
[WhiteElo "2314"]
[Black "pminear"]
[BlackElo "2426"]
[TimeControl "180+0"]
[Result "1-0"]

1. e4 e5 2. Nf3 Nc6 3. Bc4 Bc5 4. Nc3 Nf6 5. d3 O-O 6. O-O 
d6 7. Ng5 Bg4 8. Qd2 Nd4 9. Kh1 Ne6 10. Nxe6 Bxe6 11. Bxe6 fxe6 
12. N@g5 B@f4 13. Nxe6 Bxd2 14. Nxd8 Raxd8 15. Bxd2 N@d4 16. P@e7 N@h4 17. B@c4+ 
Kh8 18. Q@g3 Nxg2 19. exd8=Q Rxd8 20. Qxg2 P@f7 21. N@g5 Rf8 22. Bxf7 P@f3 
23. Nxf3 Nxf3 24. Qxf3 N@h4 25. Qg3 Rxf7 26. R@d8+ Ng8 27. N@g5 B@f3+ 28. P@g2 
Bxg2+ 29. Qxg2 Rf6 30. P@f7 
{pminear resigns} 1-0

[Event "fics rated crazyhouse match"]
[Site "fics, Oklahoma City, OK USA"]
[Date "2000.11.18"]
[White "pminear"]
[WhiteElo "2416"]
[Black "marcusm"]
[BlackElo "2324"]
[TimeControl "180+0"]
[Result "1-0"]

1. e4 Nf6 2. Nc3 d5 3. exd5 Nxd5 4. d4 e6 5. Bd3 Nb4 6. Be2 
N8c6 7. Be3 P@f4 8. Bxf4 Nxd4 9. Rc1 Nxe2 10. Qxe2 P@d3 11. Qd2 Nxc2+ 
12. Rxc2 dxc2 13. Qxd8+ Kxd8 14. Bxc7+ Kxc7 15. N@b5+ Kb6 16. P@a5+ Kc5 17. Q@d4+ 
Kc6 18. N@e5# 
{marcusm checkmated} 1-0

[Event "fics rated crazyhouse match"]
[Site "fics, Oklahoma City, OK USA"]
[Date "2000.11.18"]
[White "marcusm"]
[WhiteElo "2318"]
[Black "pminear"]
[BlackElo "2422"]
[TimeControl "180+0"]
[Result "0-1"]

1. e4 e5 2. Nf3 Nc6 3. Bc4 Bc5 4. Nc3 Nf6 5. d3 O-O 6. O-O 
d6 7. Ng5 Nd4 8. Kh1 Bg4 9. f3 Bh5 10. Be3 c6 11. Bxd4 exd4 
12. Ne2 B@e3 13. f4 Ng4 14. Ng3 Qxg5 15. Qxg4 Bxg4 16. N@f2 Qxf4 17. Nxg4 
Qxg4 18. B@h3 Q@g1+ 19. Rxg1 N@f2# 
{marcusm checkmated} 0-1

[Event "fics rated crazyhouse match"]
[Site "fics, Oklahoma City, OK USA"]
[Date "2000.11.19"]
[White "LINDEGREN"]
[WhiteElo "2368"]
[Black "ronenl"]
[BlackElo "2222"]
[TimeControl "120+0"]
[Result "0-1"]

1. e4 e6 2. Nc3 d5 3. d4 dxe4 4. Nxe4 Nc6 5. Nf3 Bd7 6. Bb5 
Be7 7. O-O P@d5 8. Neg5 Nf6 9. Nxf7 Kxf7 10. Bxc6 bxc6 11. Ne5+ Kf8 
12. P@h6 Rg8 13. P@f7 Rh8 14. hxg7+ Kxg7 15. P@h6+ Kf8 16. Nxd7+ Nxd7 17. B@g7+ 
Kxf7 18. Bxh8 Qxh8 19. R@g7+ Ke8 20. N@e5 B@f6 21. Nxd7 Bxg7 22. hxg7 Qxg7 
23. B@g3 Kxd7 24. N@e5+ Ke8 25. Nxc6 B@a6 26. P@d3 P@e4 27. Re1 P@f3 28. gxf3 
N@h3+ 29. Kh1 Nxf2+ 30. Kg2 Nxd1 31. P@g4 N@h4+ 32. Bxh4 Bxh4 33. Rf1 N@e3+ 
34. Bxe3 Nxe3+ 35. Kh3 Q@g2+ 36. Kxh4 R@h3# 
{LINDEGREN checkmated} 0-1

[Event "fics rated crazyhouse match"]
[Site "fics, Oklahoma City, OK USA"]
[Date "2000.11.19"]
[White "LINDEGREN"]
[WhiteElo "2346"]
[Black "ronenl"]
[BlackElo "2244"]
[TimeControl "120+0"]
[Result "1-0"]

1. e4 e6 2. d4 d5 3. exd5 exd5 4. Nf3 Nc6 5. Bb5 Qe7+ 6. P@e5 
Bg4 7. h3 Bxf3 8. Qxf3 P@e4 9. Qg4 Rd8 10. B@a4 N@b8 11. Nc3 Qb4 
12. Bxc6+ bxc6 13. e6 B@c8 14. exf7+ Kxf7 15. P@e6+ Ke7 16. N@f5+ Kxe6 17. Nxg7+ 
Ke7 18. Nf5+ Bxf5 19. Qxf5 Qxd4 20. B@h4+ P@f6 21. P@e5 P@g7 22. Be3 Qb4 
23. exf6+ gxf6 24. P@e5 P@g7 25. O-O Qxb2 26. exf6+ gxf6 27. P@e5 P@g7 28. Bd4 
N@d7 29. Nxd5+ cxd5 30. Bxb2 N@e2+ 31. Kh2 P@f3 32. Bxd7 Rxd7 33. Q@e6+ Kd8 
34. Qxd7+ Nxd7 35. N@c6+ Kc8 36. R@b8# 
{ronenl checkmated} 1-0

[Event "fics rated crazyhouse match"]
[Site "fics, Oklahoma City, OK USA"]
[Date "2000.11.19"]
[White "ronenl"]
[WhiteElo "2238"]
[Black "LINDEGREN"]
[BlackElo "2352"]
[TimeControl "120+0"]
[Result "0-1"]

1. e4 e6 2. Nc3 Nf6 3. e5 Nd5 4. d4 d6 5. Nf3 Nc6 6. Bd3 
Bd7 7. Qe2 Ndb4 8. Bg5 Be7 9. Bxe7 Qxe7 10. exd6 cxd6 11. B@a3 Nxd3+ 
12. Qxd3 P@c7 13. N@h5 f5 14. P@e5 O-O 15. exd6 cxd6 16. Nxg7 Qxg7 17. Bxd6 
P@e4 18. Bxf8 Rxf8 19. Qd2 N@g4 20. Ng5 Nxd4 21. P@f7+ Rxf7 22. R@d8+ B@e8 
23. Nxf7 Qxf7 24. Qxd4 B@f6 25. Qd2 N@c4 26. R@g5+ P@g7 27. Rxg4 fxg4 28. N@h6+ 
gxh6 29. Qxh6 P@g7 30. Qxh7+ Kxh7 31. P@g6+ Qxg6 32. N@f4 
{ronenl resigns} 0-1

[Event "fics rated crazyhouse match"]
[Site "fics, Oklahoma City, OK USA"]
[Date "2000.11.19"]
[White "LINDEGREN"]
[WhiteElo "2357"]
[Black "ronenl"]
[BlackElo "2233"]
[TimeControl "120+0"]
[Result "0-1"]

1. e4 e6 2. Nc3 Nf6 3. d4 d5 4. exd5 Nxd5 5. Nf3 Nc6 6. Bb5 
Bd7 7. O-O Be7 8. P@e4 Nf6 9. Qe2 P@g4 10. Bxc6 Bxc6 11. Ne5 Qxd4 
12. Nxc6 bxc6 13. Be3 Qd8 14. Rad1 B@d6 15. f3 gxf3 16. Rxf3 P@g4 17. Rf4 
Bxf4 18. Rxd8+ Rxd8 19. Bxf4 P@f3 20. gxf3 N@h3+ 21. Kg2 R@g1# 
{LINDEGREN checkmated} 0-1

[Event "fics rated crazyhouse match"]
[Site "fics, Oklahoma City, OK USA"]
[Date "2000.11.19"]
[White "ronenl"]
[WhiteElo "2244"]
[Black "LINDEGREN"]
[BlackElo "2346"]
[TimeControl "120+0"]
[Result "1-0"]

1. e4 Nf6 2. Nc3 Nc6 3. d4 d5 4. exd5 Nxd5 5. Nf3 e6 6. Bb5 
Bb4 7. Bd2 Bxc3 8. bxc3 Bd7 9. c4 N@c3 10. cxd5 Nxd1 11. dxc6 Bxc6 
12. Bxc6+ bxc6 13. Rxd1 P@e4 14. Ne5 B@h5 15. P@g4 Bxg4 16. Nxg4 P@f3 17. N@f4 
fxg2 18. Rg1 h5 19. Ne5 Qd6 20. B@d7+ Kf8 21. B@b4 Q@f6 22. Bxd6+ cxd6 
23. B@c8 Ke7 24. Nxc6+ Kf8 25. Q@e8# 
{LINDEGREN checkmated} 1-0

[Event "fics rated crazyhouse match"]
[Site "fics, Oklahoma City, OK USA"]
[Date "2000.11.19"]
[White "LINDEGREN"]
[WhiteElo "2336"]
[Black "ronenl"]
[BlackElo "2254"]
[TimeControl "120+0"]
[Result "1-0"]

1. e4 e6 2. Nc3 Nf6 3. d4 d5 4. e5 Ne4 5. Nh3 Nc6 6. Be2 
Be7 7. O-O Nxc3 8. bxc3 N@e4 9. Bd2 O-O 10. N@h5 Bg5 11. Bxg5 Nxg5 
12. Nxg5 Qxg5 13. B@e3 Qd8 14. N@f6+ Kh8 15. Nxg7 Kxg7 16. Qd2 N@f5 17. Bg4 
Nxe3 18. Qxe3 B@h6 19. P@g5 Rg8 20. gxh6+ Kf8 21. Nxg8 Kxg8 22. B@f6 
{ronenl resigns} 1-0

[Event "fics rated crazyhouse match"]
[Site "fics, Oklahoma City, OK USA"]
[Date "2000.11.19"]
[White "ronenl"]
[WhiteElo "2248"]
[Black "LINDEGREN"]
[BlackElo "2342"]
[TimeControl "120+0"]
[Result "1-0"]

1. e4 e6 2. Nc3 b6 3. d4 Bb7 4. Nf3 Nf6 5. Bd3 Bb4 6. Qe2 
d5 7. e5 Ne4 8. Bd2 Bxc3 9. bxc3 Nxd2 10. Nxd2 N@f4 11. Qg4 Nxd3+ 
12. cxd3 B@g5 13. B@a4+ B@c6 14. Nf3 h6 15. N@h5 O-O 16. Nxg7 Bxa4 17. Nh5 
B@g6 18. N@f6+ Bxf6 19. exf6 N@c2+ 20. Kf1 Nc6 21. P@e7 Nxe7 22. fxe7 Qxe7 
23. N@f6+ Kh8 24. B@g7# 
{LINDEGREN checkmated} 1-0

[Event "fics rated crazyhouse match"]
[Site "fics, Oklahoma City, OK USA"]
[Date "2000.11.19"]
[White "LINDEGREN"]
[WhiteElo "2332"]
[Black "ronenl"]
[BlackElo "2258"]
[TimeControl "120+0"]
[Result "0-1"]

1. e4 e6 2. Nc3 d5 3. d4 dxe4 4. Nxe4 Nc6 5. Nf3 Be7 6. Bb5 
Bd7 7. O-O Nf6 8. Neg5 O-O 9. P@e5 Nd5 10. Bxc6 Bxc6 11. Nxh7 Kxh7 
12. N@g5+ Kg8 13. P@f6 gxf6 14. exf6 Bxf6 15. P@e5 Bg7 16. c4 Nb6 17. d5 
exd5 18. cxd5 Nxd5 19. Nxf7 Rxf7 20. Ng5 Bxe5 21. Qh5 Qf6 22. Nxf7 Qxf7 
23. Qxf7+ Kxf7 24. P@g6+ Kxg6 25. R@h6+ Kf7 26. Q@g6+ Kf8 27. Rh8+ Bxh8 28. Bh6+ 
P@g7 29. P@f6 Nf4 30. fxg7+ Ke7 31. Bxf4 Kd7 32. Qg5 P@c4 
{LINDEGREN forfeits on time} 0-1

[Event "fics rated crazyhouse match"]
[Site "fics, Oklahoma City, OK USA"]
[Date "2000.11.19"]
[White "ronenl"]
[WhiteElo "2268"]
[Black "LINDEGREN"]
[BlackElo "2322"]
[TimeControl "120+0"]
[Result "1-0"]

1. e4 e6 2. Nc3 b6 3. d4 Bb7 4. Nf3 Nf6 5. Bd3 Bb4 6. Qe2 
d5 7. e5 Ne4 8. Bd2 Nxd2 9. Nxd2 Bxc3 10. bxc3 B@h6 11. B@a4+ Nc6 
12. Bdb5 N@b8 13. N@b4 Bxd2+ 14. Qxd2 N@a5 15. Nxc6 Naxc6 16. N@h5 Rg8 17. Nxg7+ 
Rxg7 18. B@f6 Rxg2 19. Bxd8 Kxd8 20. Bxc6 Nxc6 21. P@d6 N@f3+ 22. Kd1 Nxd2 
23. dxc7+ Kxc7 24. P@d6+ Kc8 25. Q@c7# 
{LINDEGREN checkmated} 1-0

[Event "fics rated crazyhouse match"]
[Site "fics, Oklahoma City, OK USA"]
[Date "2000.11.19"]
[White "LINDEGREN"]
[WhiteElo "2313"]
[Black "ronenl"]
[BlackElo "2277"]
[TimeControl "120+0"]
[Result "0-1"]

1. e4 e6 2. d4 d5 3. e5 c5 4. Nh3 Bd7 5. dxc5 Bxc5 6. P@d4 
Be7 7. Nc3 Nc6 8. Be3 Qb6 9. Bb5 Rc8 10. O-O P@a6 11. Bxc6 Rxc6 
12. Rb1 B@f5 13. g4 Bxc2 14. Qxc2 P@b4 15. B@c5 Bxc5 16. dxc5 Qd8 17. Ne2 
B@e4 18. Qd2 Qh4 19. f3 Bxb1 20. Rxb1 Qxh3 21. B@g2 Qxg2+ 22. Kxg2 N@h4+ 
23. Kg3 Nxf3 24. Kxf3 B@e4+ 25. Kf2 R@g2+ 26. Ke1 P@d3 27. Ng3 Rxg3 28. N@g5 
N@f3+ 29. Nxf3 Rxf3 30. N@d6+ Kf8 31. Q@d8+ N@e8 32. B@g2 Ne7 33. Qxd7 Rxd6 
34. Qxe8+ Kxe8 35. cxd6 Q@g1# 
{LINDEGREN forfeits on time} 0-1